 Dungeon Crawl Stone Soup version 0.24-a0-271-ga0fc33f (webtiles) character file.

Game seed: 15996492745899218185

30 Clinton the Poker (level 3, -24/28 HPs)
             Began as a Merfolk Gladiator on Apr 24, 2019.
             Annihilated by an ogre
             ... wielding a +0 giant spiked club
              (27 damage)
             ... on level 4 of the Dungeon.
             The game lasted 00:04:05 (431 turns).

Clinton the Poker (Merfolk Gladiator)                Turns: 431, Time: 00:04:06

Health: -24/28     AC:  4    Str: 14    XL:     3   Next: 18%
Magic:  12/12      EV: 14    Int:  8    God:
Gold:   35         SH:  0    Dex: 15    Spells: 2/2 levels left

rFire    . . .     SeeInvis .   a - +0 trident
rCold    . . .     Gourm    .   (no shield)
rNeg     . . .     Faith    .   b - +0 leather armour
rPois    .         Spirit   .   c - +0 helmet
rElec    .         Reflect  .   (no cloak)
rCorr    .         Harm     .   (no gloves)
MR       .....                  (no boots)
Stlth    +.........             (no amulet)
HPRegen  0.09/turn              e - ring of magical power
MPRegen  0.13/turn              (no ring)

@: no status effects
A: change form in water, swift swim, stealthy swim
a: no special abilities


You were on level 4 of the Dungeon.
You were completely stuffed.

You visited 1 branch of the dungeon, and saw 4 of its levels.

You collected 35 gold pieces.

Inventory:

Hand Weapons
 a - a +0 trident (weapon)
Missiles
 d - 3 throwing nets (quivered)
Armour
 b - a +0 leather armour (worn)
 c - a +0 helmet (worn)
 g - a +0 ring mail
 i - a +0 ring mail
Jewellery
 e - a ring of magical power (left hand)
 h - a +3 ring of strength {unknown}
Comestibles
 f - 5 rations


   Skills:
 + Level 2.3 Fighting
 + Level 5.1 Polearms
 + Level 2.2 Throwing
 + Level 0.1 Armour
 + Level 4.7 Dodging


You had 2 spell levels left.
You didn't know any spells.
Your spell library was empty.

Dungeon Overview and Level Annotations

Branches:
Dungeon (4/15)
 Temple: D:4-7

Altars:


Message History

The ogre is moderately wounded.
The ogre closely misses you.
You hit the ogre.
The ogre is moderately wounded.
The ogre closely misses you.
You barely miss the ogre.
The ogre is moderately wounded.
The ogre misses you.
You barely miss the ogre.
The ogre is moderately wounded.
You hit the ogre.
The ogre is moderately wounded.
The ogre hits you with a +0 giant spiked club!!
Ouch! That really hurt!
* * * LOW HITPOINT WARNING * * *
You barely miss the ogre.
The ogre is moderately wounded.
The ogre hits you with a +0 giant spiked club!!
Ouch! That really hurt!
You die...

. ..
..##########+####..
.....$.................
.........(.............
........@O.............
......................
##...................
##########.......# ###
#.......# .. #.......#
. +.....).#
#.......######
....####'###...##


You could see an ogre.

Vanquished Creatures
  A worker ant (D:4)
  A dart slug (D:2)
  A quokka (D:2)
  A bat (D:3)
  2 frilled lizards
  A kobold (D:3)
7 creatures vanquished.

Notes
Turn   | Place    | Note
-------+----------+-------------------------------------------
     0 | D:1      | Clinton the Merfolk Gladiator began the quest for the Orb.
     0 | D:1      | Reached XP level 1. HP: 16/16 MP: 1/1
   275 | D:3      | Reached XP level 2. HP: 22/22 MP: 2/2
   334 | D:4      | Reached skill level 5 in Polearms
   334 | D:4      | Reached XP level 3. HP: 13/28 MP: 3/3
   417 | D:4      | Noticed an ogre
   431 | D:4      | Annihilated by an ogre

Levels and vault maps discovered:
D:1:      dpeg_arrival_arbitrary_c, layout_loops_ring
D:2:      layout_basic, uniq_jessica
D:3:      layout_basic, portal_sewer_entry_a, first_ration,
          gammafunk_ghost_grave
D:4:      layout_gridville, serial_shops, kennysheep_mini_moat

Skill      XL: |  1  2 |
---------------+-------+-----
Polearms       | 5 |  5.1
Fighting       | |  2.3
Throwing       | |  2.2
Armour         | |  0.1
Dodging        | |  4.7

Action                   || total
-------------------------++-------
Melee: Trident           ||    36
  Eat: Ration            ||     2
Armor: Leather armour    ||     9
Dodge: Dodged            ||    32

Table legend:
 A = Non-vault XP
 B = Vault XP
 C = Vault XP percentage of total XP
 D = Non-vault monster count
 E = Vault monster count
 F = Vault count percentage of total count
                 A         B        C        D         E       F
            +---------+---------+-------+---------+---------+-------
      Total |      43 |       0 |   0.0 |       7 |       0 |   0.0
            +---------+---------+-------+---------+---------+-------
        D:1 |       1 |       0 |   0.0 |       1 |       0 |   0.0
        D:2 |       7 |       0 |   0.0 |       3 |       0 |   0.0
        D:3 |       2 |       0 |   0.0 |       2 |       0 |   0.0
        D:4 |      33 |       0 |   0.0 |       1 |       0 |   0.0
            +---------+---------+-------+---------+---------+-------
